 Dungeon Crawl Stone Soup version 0.22.1-1-ga44c0e5 (console) character file.

27 erker the Insei (level 3, -5/23 HPs)
             Began as an Octopode Transmuter on Oct 9, 2018.
             Killed from afar by Natasha (11 damage)
             ... with a magic dart
             ... on level 1 of the Dungeon.
             The game lasted 00:02:58 (1161 turns).

erker the Insei (Octopode Transmuter)               Turns: 1161, Time: 00:02:59

Health: -5/23      AC:  1    Str:  9    XL:     3   Next: 10%
Magic:  2/6        EV: 13    Int: 16    God:
Gold:   41         SH:  0    Dex: 12    Spells: 1/7 levels left

rFire    . . .     SeeInvis .     - Unarmed
rCold    . . .     Gourm    .   (no shield)
rNeg     . . .     Faith    .   (helmet restricted)
rPois    .         Spirit   .   (no amulet)
rElec    .         Reflect  .   (no ring)
rCorr    .         Harm     .   (no ring)
MR       .....                  (no ring)
Stlth    ++........             (no ring)
HPRegen  0.07/turn              (no ring)
MPRegen  0.10/turn              (no ring)
                                (no ring)
                                (no ring)

@: no status effects
A: almost no armour, stealthy swim, amphibious, 8 rings, constrict 8, camouflage
1, gelatinous body 1
a: no special abilities


You were on level 1 of the Dungeon.
You were very hungry.

You visited 1 branch of the dungeon, and saw 2 of its levels.

You collected 41 gold pieces.

Inventory:

Missiles
 a - 10 arrows
 e - 18 sling bullets
Scrolls
 b - a scroll of teleportation {unknown}
Comestibles
 c - 3 rations


   Skills:
 - Level 1.0 Fighting
 - Level 2.0 Dodging
 - Level 3.0 Unarmed Combat
 + Level 2.6 Spellcasting
 * Level 2.9 Transmutations


You had one spell level left.
You knew the following spells:

 Your Spells              Type           Power        Failure   Level  Hunger
a - Beastly Appendage     Tmut           ##....       6%          1    #......
s - Spider Form           Tmut/Pois      #.........   32%         3    ###....
t - Sticks to Snakes      Tmut           ##......     9%          2    ##.....

Your spell library contained the following spells:

 Spells                   Type           Power        Failure   Level  Hunger
 Ice Form                 Ice/Tmut       #.......     71%         4    #####..
 Blade Hands              Tmut           ##........   85%         5    ######.


Dungeon Overview and Level Annotations

Branches:
Dungeon (2/15)

Altars:

Annotations:
D:1 Natasha


Innate Abilities, Weirdness & Mutations

You cannot wear most types of armour.
You are very stealthy in the water. (Stealth+)
You are amphibious.
You can wear up to eight rings at the same time.
You can use your tentacles to constrict eight enemies at once.
Your skin changes colour to match your surroundings (Stealth+).
Your rubbery body absorbs attacks. (AC +1, EV +1)


Message History

Your ball python closely misses Natasha.
Your ball python grabs Natasha.
Your ball python constricts Natasha.
You tentacle-slap Natasha.
Natasha is lightly wounded.
Your adder barely misses Natasha.
Natasha claws you!
* * * LOW HITPOINT WARNING * * *
Your ball python bites Natasha.
Your ball python constricts Natasha.
You tentacle-slap Natasha. Your squeeze misses Natasha.
Natasha is moderately wounded.
Your adder bites Natasha.
Your ball python bites Natasha but does no damage.
Your ball python constricts Natasha.
Natasha closely misses your ball python.
Your adder bites Natasha but does no damage.
You tentacle-slap Natasha but do no damage.
Natasha is severely wounded.
Your ball python bites Natasha.
Your ball python constricts Natasha.
Natasha casts a spell at you. The magic dart hits you!
You die...

#.# #.......# #.#
###.####.......#####.#
#.....#####.###....... #.#.#.#
#.###.####.. #.#.#.# #........#..
#.#.#.# ###........... ###
#.#.#.# #.......##..#. ..#
#...hS###.#.##........ #.#
##..S@..#.#.........#. #.######
#####.#.#.....##.####.#.
.......###...###...#.#.##.# #.#.
#.####.......# #####.#.##.# #...
..# #####...## #......# ###. ###
#.......# ##...### #. #
#.##....## #...# #.
#######.#......# #...# ####.
.....##.#......######...#####....


You could see Natasha, a friendly adder and a friendly ball python.

Vanquished Creatures
  6 bats (D:1)
  A goblin (D:1)
  6 hobgoblins (D:1)
  3 jackals (D:1)
  5 kobolds (D:1)
  3 rats (D:1)
24 creatures vanquished.

Notes
Turn   | Place    | Note
-------+----------+-------------------------------------------
     0 | D:1      | erker the Octopode Transmuter began the quest for the Orb.
     0 | D:1      | Reached XP level 1. HP: 13/13 MP: 3/3
   157 | D:1      | Reached XP level 2. HP: 15/18 MP: 5/5
   743 | D:1      | Reached XP level 3. HP: 22/23 MP: 4/6
   756 | D:1      | Learned a level 2 spell: Sticks to Snakes
   891 | D:1      | Learned a level 3 spell: Spider Form
   955 | D:2      | Noticed Natasha
  1161 | D:1      | Killed from afar by Natasha

Action                   || total
-------------------------++-------
Melee: Unarmed           ||    70
       Constrict         ||    18
       Tentacles         ||     8
       Kick              ||     8
       Punch             ||     1
 Cast: Beastly Appendage ||     7
       Sticks to Snakes  ||     2
 Stab: Sleeping          ||     3
Armor: Skin              ||     9
Dodge: Dodged            ||    40
